 Dungeon Crawl Stone Soup version 0.31-a0-960-g0fca184906 (webtiles) character file.

Game seed: 9749638933913558660

20 gelatine the Ruffian (level 2, -2/18 HPs)
             Began as an Octopode Shapeshifter on Oct 24, 2023.
             Slain by a goblin
             ... wielding a +0 dagger
              (4 damage)
             ... on level 1 of the Dungeon.
             The game lasted 00:02:22 (606 turns).

gelatine the Ruffian (Octopode Shapeshifter)         Turns: 606, Time: 00:02:24

Health: -2/18      AC:  1    Str: 13    XL:     2   Next: 79%
Magic:  2/2        EV: 13    Int: 12    God:
Gold:   36         SH:  0    Dex: 11    Spells: 1/1 levels left

rFire   . .          .
                       - Unarmed
rCold   . . .        (no shield)
rNeg    . . .        (helmet currently unavailable)
rPois   .            (no amulet)
rElec   .            (no ring)
rCorr   .            (no ring)
SInv    .            (no ring)
Will    .....        (no ring)
Stlth   ++           (no ring)
HPRegen 0.23/turn    (no ring)
MPRegen 0.08/turn    (no ring)
                     (no ring)

%: no passive effects
@: lethally poisoned (-2 -> -18), beast-form
A: beast (slay +1), almost no armour, amphibious, 8 rings, camouflage 1,
gelatinous body 1, (nimble swimmer 1), tentacles
a: Begin Untransformation


You were on level 1 of the Dungeon.
You were a hulking beast.
You visited 1 branch of the dungeon, and saw 1 of its levels.

You collected 36 gold pieces.

Inventory:

Missiles
 f - 5 poisoned darts
Armour
 h - a +1 hat
Talismans
 b - a beast talisman
 c - a flux talisman
Scrolls
 e - a scroll of brand weapon {unknown}
Potions
 a - 2 potions of lignification
 g - a potion of heal wounds {unknown}


   Skills:
 + Level 1.0 Fighting
 + Level 0.2 Throwing
 + Level 2.0 Dodging
 * Level 0.2 Stealth
 * Level 3.5 Unarmed Combat
 * Level 3.2 Shapeshifting


You had one spell level left.
You didn't know any spells.
Your spell library was empty.

Dungeon Overview and Level Annotations

Branches:
Dungeon (1/15)

Altars:


Innate Abilities, Weirdness & Mutations

You are a hulking beast.
Your limbs bulge with bestial killing power. (Slay +1)
You cannot wear most types of armour.
You are amphibious.
You can wear up to eight rings at the same time.
Your skin changes colour to match your surroundings (Stealth+).
Your rubbery body absorbs attacks. (AC +1, EV +1)
((You are camouflaged when in or above water. (Stealth+)))
You have tentacles for arms and can constrict up to eight enemies at once.


Message History

g - a viscous silvery potion An endoplasm comes into view.
Found 15 gold pieces.
Found a dagger.
Found a stone staircase leading down.
A goblin comes into view. It is wielding a +0 dagger.
The goblin shouts!
You hear a shout!
A goblin comes into view. It is wielding a +1 dagger of venom.
Found a runed hat.
You see here a +1 hat.
h - a +1 hat The endoplasm quivers.
You aren't carrying any currently wearable armour.
You throw a javelin.
The javelin pierces through the endoplasm.
The endoplasm is moderately wounded.
You throw a javelin.
The javelin barely misses the endoplasm.
You tentacle-slap the endoplasm.
The endoplasm is severely wounded.
The endoplasm freezes you.
You are frozen.
You bludgeon the endoplasm!
You kill the endoplasm!
The goblin shouts!
The goblin hits you with a +1 dagger of venom.
You are lethally poisoned!
You tentacle-slap the goblin. Your grab misses the goblin.
The goblin is severely wounded.
You feel very sick. The goblin hits you with a +0 dagger.
The goblin hits you with a +1 dagger of venom.
You are more poisoned.
A giant cockroach comes into view.
You closely miss the goblin. Your grab misses the goblin.
You squeeze the goblin.
You kill the goblin!
* * * LOW HITPOINT WARNING * * *
You feel very sick. The goblin hits you with a +0 dagger.
You die...

.........#
####.#......+
.......#(.$#
..........# #
#>..#....###.#
.B..........# #
###.##....).. #
#....g)..### #
#.#..#h....# #
#.#..#.#.#.# # #
#.#..#...# #. #
#.#..#♣♣♣♣ #.######
#.#♣♣♣♣♣♣♣♣ #.......
#.#♣♣♣♣...♣♣♣♣##.......
#.#...........##.......
#.#...........###......
#.#.8..8.8..8.# ####.##


You could see a giant cockroach and a goblin.

Vanquished Creatures
  2 endoplasms (D:1)
  2 giant cockroaches (D:1)
  A goblin (D:1)
  3 hobgoblins (D:1)
  A jackal (D:1)
  3 quokkas (D:1)
  A ball python (D:1)
  A bat (D:1)
  A frilled lizard (D:1)
  2 kobolds (D:1)
  A rat (D:1)
18 creatures vanquished.

Notes
Turn   | Place    | Note
-------+----------+-------------------------------------------
     0 | D:1      | gelatine the Octopode Shapeshifter began the quest for the
                  | Orb.
     0 | D:1      | Reached XP level 1. HP: 13/13 MP: 1/1
   249 | D:1      | Reached XP level 2. HP: 18/18 MP: 2/2
   606 | D:1      | Slain by a goblin

Illustrated notes

Levels and vault maps discovered:
D:1:      giann_forest_graveyard, layout_basic, minmay_quantized

Action                     || total
---------------------------++-------
  Melee: Unarmed           ||    30
         Constrict         ||     6
         Tentacles         ||     2
  Throw: Javelin           ||     9
   Stab: Sleeping          ||     4
 Armour: Skin              ||    12
  Dodge: Dodged            ||    12

Table legend: (Time is in decaauts)
 A = Elapsed time spent in this place.
 B = Non-inter-level travel time spent in this place.
 C = Inter-level travel time spent in this place.
 D = Time resting spent in this place.
 E = Time spent auto-exploring this place.
 F = Levels seen in this place.
 G = Mean time per level.
                   A        B        C        D        E       F      G
               +--------+--------+--------+--------+--------+-----+--------+
         Total |    608 |    608 |      0 |      0 |    464 |   1 |  608.0 |
       Dungeon |    608 |    608 |      0 |      0 |    464 |   1 |  608.0 |
               +--------+--------+--------+--------+--------+-----+--------+

Top non-repeatable levels by time:
     D:1: 608 daAuts
